AoeStats
← RabidRabbit

Baltic

510415469Analyzed
4v4 RM · 3d ago on Sep 30, 2026· 58m 21s· 8 players
Game mode
Random Map
Map size
Large (8 player)
Population
200
Speed
Normal
Resources
Standard
Victory
Conquest
Starting age
Dark Age
Ending age
Imperial Age
RankedLock teamsTeams togetherTeam positionsShared explorationLock speedFull tech treeHidden civsTurbo modeCheats
Victory
Defeat
🇧🇷 Spanish · Brazil
674
+13
🇦🇷 Romans · Argentina
664
+14
🇦🇷 Poles · Argentina
645
+15
🇦🇷 Bohemians · Argentina
630
+15
🇮🇹 Teutons · Italy
662
-17
🇮🇹 Goths · Italy
643
-15
🇲🇽 Tupi · Mexico
618
-14
🇺🇸 Byzantines · United States
533
-11
Cy3747
8:55 Feudal Age
12:39 Wheelbarrow
12:07 Double-Bit Axe
13:02 Horse Collar
20:04 Castle Age
18:17 Gold Mining
18:54 Stone Mining
24:28 Stone Shaft Mining
24:07 Loom
24:34 Heavy Plow
26:29 Gold Shaft Mining
27:54 Hand Cart
29:00 Bow Saw
30:09 Squires
29:56 Gambesons
29:32 Pikeman
35:15 Imperial Age
36:12 Halberdier
38:42 Ballistics
39:23 Chemistry
39:32 Two-Man Saw
39:35 Scale Mail Armor
39:46 Forging
41:55 Chain Mail Armor
42:15 Iron Casting
43:44 Plate Mail Armor
inquicidor123
0:58 Loom
14:40 Feudal Age
15:35 Fishing Lines
15:58 Double-Bit Axe
18:47 Gold Mining
24:03 Castle Age
25:47 Forging
25:38 Scale Mail Armor
30:05 Bow Saw
31:46 Champi Runner
32:12 Arson
34:37 Champi Warrior
35:44 Chain Mail Armor
37:52 Stone Mining
37:45 Horse Collar
40:05 Iron Casting
39:40 Town Watch
40:31 Wheelbarrow
42:45 Imperial Age
40:53 Padded Archer Armor
40:45 Fletching
42:05 Leather Archer Armor
42:58 Town Patrol
44:56 Elite Champi Warrior
47:55 Chemistry
48:09 Caciques
48:56 Ring Archer Armor
48:26 Bodkin Arrow
51:12 Bracer
50:38 Elite Blackwood Archer
53:23 Ballistics
RabidRabbit
2:34 Loom
10:38 Feudal Age
11:20 Double-Bit Axe
12:13 Wheelbarrow
11:20 Horse Collar
20:31 Castle Age
19:43 Man-at-Arms
20:36 Forging
20:27 Scale Mail Armor
21:29 Hand Cart
21:17 Heavy Plow
21:31 Bow Saw
22:36 Gold Mining
22:36 Stone Mining
24:15 Squires
23:36 Long Swordsman
25:26 Iron Casting
26:47 Caravan
29:26 Chain Mail Armor
32:13 Stone Shaft Mining
32:13 Fishing Lines
35:21 Ballistics
34:43 Treadmill Crane
35:01 Fletching
43:24 Imperial Age
41:00 Bodkin Arrow
44:20 Perfusion
45:55 Blast Furnace
45:35 Two-Handed Swordsman
46:39 Conscription
46:29 Champion
46:34 Pikeman
47:17 Bracer
47:17 Murder Holes
47:35 Masonry
47:35 Anarchy
48:19 Elite Huskarl
48:42 Halberdier
50:36 Gillnets
56:25 Architecture
max.picozzi
6:55 Loom
13:19 Feudal Age
14:09 Double-Bit Axe
14:08 Horse Collar
16:03 Gold Mining
18:00 Wheelbarrow
17:12 Town Watch
19:41 Castle Age
17:36 Town Watch
18:27 Wheelbarrow
18:57 Fishing Lines
22:49 Town Patrol
23:49 Heavy Plow
25:18 Gillnets
28:16 Bow Saw
28:12 Stone Mining
33:28 Imperial Age
31:14 Hand Cart
31:42 Caravan
32:12 Coinage
34:42 Guilds
34:55 Capped Ram
37:25 Elite Teutonic Knight
39:31 Crenellations
38:47 Sappers
47:21 Conscription
47:59 Ballistics
47:28 Arrowslits
47:56 Siege Engineers
48:39 Onager
49:22 Cavalier
50:14 Bloodlines
50:25 Paladin
52:54 Banking
52:09 Siege Onager
Castelaro
0:36 Loom
12:48 Feudal Age
14:36 Wheelbarrow
13:46 Town Watch
14:09 Double-Bit Axe
14:07 Horse Collar
15:04 Gold Mining
19:54 Scale Barding Armor
20:00 Forging
19:44 Stone Mining
21:47 Scale Mail Armor
25:58 Castle Age
27:14 Hand Cart
26:59 Town Patrol
28:43 Chain Barding Armor
28:39 Chain Mail Armor
29:00 Iron Casting
33:47 Bow Saw
35:03 Fletching
35:13 Padded Archer Armor
37:38 Masonry
39:18 Stone Shaft Mining
38:28 Light Cavalry
39:18 Bloodlines
39:09 Husbandry
39:18 Heavy Plow
43:50 Imperial Age
45:37 Chemistry
44:01 Cavalier
44:04 Hussar
45:23 Plate Barding Armor
45:49 Blast Furnace
45:20 Plate Mail Armor
45:43 Paladin
46:39 Caravan
46:50 Guilds
50:25 Two-Man Saw
ZURITA3570
0:37 Loom
13:34 Feudal Age
14:49 Double-Bit Axe
22:49 Man-at-Arms
28:05 Castle Age
27:03 Forging
29:11 Husbandry
29:27 Bow Saw
31:16 Iron Casting
31:54 Scale Barding Armor
32:12 Long Swordsman
35:34 Pikeman
42:45 Chemistry
45:08 Imperial Age
42:50 Scale Mail Armor
43:22 Caravan
48:05 Cavalier
48:52 Two-Handed Swordsman
50:36 Blast Furnace
49:52 Chain Mail Armor
51:49 Wheelbarrow
52:47 Hand Cart
54:52 Two-Man Saw
57:19 Elite Hussite Wagon
bigjoeAR
13:01 Feudal Age
14:03 Double-Bit Axe
14:20 Horse Collar
23:22 Castle Age
25:50 Forging
25:52 Bow Saw
26:01 Stone Mining
29:27 Wheelbarrow
30:10 Gold Mining
34:34 Scale Barding Armor
34:39 Forging
34:20 Fletching
34:31 Padded Archer Armor
34:31 Scale Mail Armor
35:04 Heavy Plow
35:48 Husbandry
35:58 Bloodlines
35:09 Light Cavalry
35:11 Pikeman
35:52 Squires
38:55 Imperial Age
38:29 Hand Cart
42:15 Ballistas
42:31 Heavy Cavalry Archer
43:35 Chain Barding Armor
43:33 Leather Archer Armor
45:17 Elite Centurion
46:18 Onager
46:22 Heavy Scorpion
47:14 Ballistas
47:53 Hand Cart
48:16 Gold Shaft Mining
49:09 Siege Engineers
50:06 Chemistry
49:55 Plate Barding Armor
49:57 Iron Casting
52:18 Ballistics
53:16 Blast Furnace
52:12 Bodkin Arrow
52:48 Ring Archer Armor
52:35 Chain Mail Armor
Luciano24cm
2:06 Loom
9:42 Feudal Age
10:11 Double-Bit Axe
24:19 Castle Age
22:31 Horse Collar
22:43 Gold Mining
23:19 Stone Mining
25:24 Bow Saw
33:04 Coinage
36:38 Imperial Age
34:45 Wheelbarrow
33:55 Town Watch
34:51 Stone Shaft Mining
34:45 Town Patrol
35:21 Heavy Plow
36:20 Fortified Wall
36:06 Murder Holes
37:15 Forging
37:05 Scale Mail Armor
37:10 Scale Barding Armor
36:55 Fletching
37:06 Padded Archer Armor
38:02 Crop Rotation
37:49 Squires
37:35 Arson
37:15 Elite Obuch
39:38 Onager
42:11 Iron Casting
41:51 Chain Mail Armor
41:56 Chain Barding Armor
41:52 Leather Archer Armor
42:02 Chain Barding Armor
42:33 Bodkin Arrow
42:54 Leather Archer Armor
43:43 Banking
43:13 Caravan
43:49 Fervor
43:50 Szlachta Privileges
44:06 Lechitic Legacy
44:21 Hoardings
45:36 Hand Cart
47:10 Blast Furnace
46:41 Plate Mail Armor
46:11 Bracer
46:41 Lechitic Legacy
45:52 Sappers
46:42 Conscription
47:56 Clinker Construction
47:57 Careening
47:41 Guard Tower
48:57 Chemistry
52:22 Carvel Hull
52:09 Siege Engineers
55:31 Keep
Connection lost

Rejoining the realm…

Still unreachable

The connection could not be restored.

Session expired

The server has moved on; the page needs a fresh start.